 Dungeon Crawl Stone Soup version 0.31-a0-986-g5e6e4ef867 (webtiles) character file.

Game seed: 9847562887801509516

12457 sammy202020 the Warrior (level 11, -15/112 HPs)
             Began as a Minotaur Fighter on Nov 23, 2023.
             Was an Initiate of Gozag.
             Killed from afar by a lich (48 damage)
             ... with a bolt of cold
             ... on level 1 of the Abyss.
             The game lasted 00:16:54 (9903 turns).

sammy202020 the Warrior (Minotaur Fighter)          Turns: 9903, Time: 00:16:55

Health: -15/112    AC: 25    Str: 21    XL:     11   Next: 62%
Magic:  10/10      EV:  9    Int:  9    God:    Gozag
Gold:   559        SH:  7    Dex: 15    Spells: 10/10 levels left

rFire   + . .        o - +5 whip "Ohionla" {venom, rCorr Dex+5}
rCold   . . .        c - +0 buckler
rNeg    + . .        z - +4 plate armour {rF+}
rPois   +            (helmet restricted)
rElec   .            s - +0 cloak
rCorr   +            F - +2 pair of gloves
SInv    .            G - +0 pair of boots
Will    .....        (no amulet) Stlth
                     g - ring of poison resistance
HPRegen 0.38/turn    l - ring of positive energy
MPRegen 0.12/turn

%: no passive effects
@: slowed, studying Fighting, very slow
A: horns 2, retaliatory headbutt
a: Renounce Religion, Potion Petition, Call Merchant, Bribe Branch


You were on level 1 of the Abyss.
You worshipped Gozag.
Gozag was pleased with you.
You visited 1 branch of the dungeon, and saw 12 of its levels.
You visited the Abyss 1 time.
You also visited: Bailey.

You collected 2104 gold pieces.
You spent 1514 gold pieces at shops.
You paid 31 gold pieces to Gozag.

Inventory:

Hand Weapons
 i - a +2 flail of freezing
 o - the +5 whip "Ohionla" (weapon) {venom, rCorr Dex+5}
   (You found it on level 3 of the Dungeon)

   Dex+5:     It affects your dexterity (+5).
   rCorr:     It protects you from acid and corrosion.
 w - a +3 hand axe
Missiles
 p - 20 poisoned darts (quivered)
Armour
 c - a +0 buckler (worn)
 s - a +0 cloak (worn)
 z - a +4 plate armour of fire resistance (worn)
 F - a +2 pair of gloves (worn)
 G - a +0 pair of boots (worn)
Jewellery
 f - a ring of flight
 g - a ring of poison resistance (left hand)
 l - a ring of positive energy (right hand)
 y - a ring of fire
Wands
 j - a wand of digging (5)
 q - a wand of mindburst (15)
 x - a wand of flame (22)
 A - a wand of light (6)
 B - a wand of charming (8)
Scrolls
 h - 2 scrolls of revelation
 r - 2 scrolls of teleportation
 t - 2 scrolls of enchant armour
 C - 3 scrolls of poison
 D - 9 scrolls of identify
Potions
 a - 2 potions of cancellation
 b - 5 potions of invisibility
 d - 6 potions of might
 e - 10 potions of curing
 k - a potion of magic
 m - 5 potions of heal wounds
 n - 6 potions of haste
 u - a potion of brilliance
 v - 2 potions of resistance


   Skills:
 * Level 15.0 Fighting
 * Level 10.9 Maces & Flails
 * Level 11.1 Armour
 + Level 7.1 Dodging
 * Level 11.1 Shields


You had 10 spell levels left.
You didn't know any spells.
Your spell library contained the following spells:

 Spells                   Type           Power      Damage    Failure   Level
 Necrotise                Necr           0%         1d4       100%        1
 Ensorcelled Hibernation  Hex/Ice        0%         N/A       100%        2
 Lesser Beckoning         Tloc           0%         N/A       100%        2
 Passwall                 Tmut/Erth      0%         N/A       100%        2
 Scorch                   Fire           0%         2d5       100%        2
 Gell's Gravitas          Tloc           0%         N/A       100%        3
 Swiftness                Air            0%         N/A       100%        3
 Teleport Other           Tloc           0%         N/A       100%        3
 Vampiric Draining        Necr           0%         2d6       100%        3
 Flame Wave               Conj/Fire      0%         2d4       100%        4
 Agony                    Necr           0%         N/A       100%        5
 Summon Cactus Giant      Summ           0%         N/A       100%        6
 Ozocubu's Refrigeration  Ice            0%         4d7       100%        7
 Polar Vortex             Ice            0%         N/A       100%        9
 Simulacrum               Ice/Necr       Unusable   N/A       N/A         6

Dungeon Overview and Level Annotations

Branches:
Dungeon (12/15)            Temple (0/1) D:6            Lair (0/5) D:11
    Orc (0/2) D:11         Bailey (visited)

Altars:
Ashenzari
Cheibriados
Gozag
Makhleb
Nemelex Xobeh
Qazlal
Sif Muna
Vehumet
The Shining One

Shops:
D:8 [   D:11 !

Annotations:
D:12 Erolcha


Innate Abilities, Weirdness & Mutations

You have a pair of horns on your head.
You reflexively headbutt those who attack you in melee.


Message History

You see here 9 gold pieces.
A thrashing horror comes into view.
The thrashing horror roars!
The lich touches you but does no damage.
You hit the lich. Your headbutt misses the lich.
The lich is lightly damaged.
You feel your health improve.
The lich conjures a glowing orb.
The wavering orb of destruction weakly hits you!
You hit the lich but do no damage. Your headbutt misses the lich.
The lich is lightly damaged.
The thrashing horror tramples you.
You hold your ground!
The thrashing horror tramples you but does no damage.
The lich touches you but does no damage.
Unknown command.
You block the thrashing horror's attack.
The thrashing horror tramples you but does no damage.
The lich is distracted by your dazzling golden aura.
You see here 9 gold pieces.
The thrashing horror tramples you but does no damage.
You block the thrashing horror's attack.
Unknown command.
The thrashing horror barely misses you.
The thrashing horror closely misses you.
The thrashing horror tramples you but does no damage.
The thrashing horror tramples you.
You hold your ground!
You hit the thrashing horror.
You headbutt the thrashing horror, but do no damage.
The thrashing horror is lightly damaged.
The thrashing horror tramples you but does no damage.
The thrashing horror tramples you.
You hold your ground!
The thrashing horror tramples you but does no damage.
The thrashing horror tramples you.
* * * LOW HITPOINT WARNING * * *
You stumble backwards!
The lich shouts!
The lich gestures at you while chanting.
The bolt of cold hits you!!!
You die...
Your body crumbles into a pile of gold.

.. # #######.#.
....#.#..#
.........## ##
.#....#...##.
#...........
........#.#.## .
..#.....@#..##..
.......L#.#.#.....
. ##...#..........
#.
........##....##.
. ....#..##.#...#
#....
......##....#....
. .#..
#.....$...#.....
.#
........#...####..
##......#...
#.#.##


You could see a lich.

Vanquished Creatures
  2 two-headed ogres
  A death yak (D:11)
  An orc knight (Bailey)
  A cyclops (D:11)
  An elephant (D:11)
  A freezing wraith (Abyss:1)
  The ghost of CraigForest the Ruffian, an amateur TrMo of the Shining One (D:5)
  An ancient zyme (Abyss:1)
  A troll (D:11)
  2 hornets
  3 shadows
  2 wraiths
  3 wyverns
  22 yaks
  2 basilisks (D:11)
  A steam dragon (D:10)
  2 vampire mosquitoes (D:11)
  A water moccasin (D:6)
  A black bear (D:4)
  2 orc warriors
  An ice beast (D:6)
  2 ogres
  2 kobold brigands (D:10)
  A phantom (D:5)
  5 bullfrogs
  3 scorpions
  3 wights (D:9)
  A water moccasin skeleton (D:5)
  3 jellies
  9 killer bees
  A howler monkey (D:6)
  A gnoll bouda (D:9)
  7 orc priests
  A centaur skeleton (D:5)
  4 hounds
  Jessica (D:2)
  3 iguanas
  9 orc wizards
  Robin (D:3)
  22 gnolls
  A howler monkey skeleton (D:5)
  4 adders
  A white imp (D:6)
  2 ufetubi (D:6)
  3 worms
  2 dart slugs
  38 orcs
  5 bats
  4 endoplasms
  4 giant cockroaches
  21 goblins
  12 hobgoblins
  5 jackals (D:3)
  17 kobolds
  2 quokkas
  9 ball pythons
  4 frilled lizards
  10 rats
275 creatures vanquished.

Notes
Turn   | Place    | Note
-------+----------+-------------------------------------------
     0 | D:1      | sammy202020 the Minotaur Fighter began the quest for the
                  | Orb.
     0 | D:1      | Reached XP level 1. HP: 19/19 MP: 0/0
   150 | D:1      | Reached XP level 2. HP: 23/27 MP: 1/1
   756 | D:2      | Noticed Jessica
   765 | D:2      | Reached skill level 4 in Fighting
   770 | D:2      | Killed Jessica
   771 | D:2      | Reached skill level 1 in Dodging
   771 | D:2      | Reached XP level 3. HP: 25/34 MP: 2/2
   956 | D:2      | Reached XP level 4. HP: 41/41 MP: 3/3
  1788 | D:3      | Noticed Robin
  1807 | D:3      | Killed Robin
  1834 | D:3      | Identified the +5 whip "Ohionla" {venom, rCorr Dex+5}
  1966 | D:3      | Reached skill level 5 in Fighting
  2046 | D:3      | Reached XP level 5. HP: 44/48 MP: 4/4
  2663 | D:4      | Noticed an ogre
  2668 | D:4      | Killed an ogre
  2669 | D:4      | Reached skill level 6 in Fighting
  2669 | D:4      | Reached skill level 5 in Armour
  2669 | D:4      | Reached skill level 5 in Shields
  2669 | D:4      | Reached XP level 6. HP: 38/57 MP: 5/5
  2750 | D:4      | Found a snail-covered altar of Cheibriados.
  2867 | D:4      | Found an opulent altar of Gozag.
  2870 | D:4      | Found a stormy altar of Qazlal.
  2874 | D:4      | Found a shimmering blue altar of Sif Muna.
  2880 | D:4      | Became a worshipper of Gozag Ym Sagoz the Greedy
  2963 | D:4      | Found a radiant altar of Vehumet.
  3368 | D:5      | Entered Level 5 of the Dungeon
  3425 | D:5      | Reached XP level 7. HP: 64/64 MP: 6/6
  3460 | D:5      | Reached skill level 5 in Maces & Flails
  3481 | D:5      | Found a transporter.
  3486 | D:5      | Reached skill level 7 in Fighting
  3488 | D:5      | Noticed CraigForest's ghost (amateur TrMo)
  3489 | D:5      | Found a transporter.
  3511 | D:5      | Killed CraigForest's ghost
  3531 | D:5      | Reached skill level 8 in Fighting
  3534 | D:5      | Reached XP level 8. HP: 42/74 MP: 7/7
  3576 | D:5      | Gained mutation: You passively dampen the noise of your
                  | surroundings. [potion of mutation]
  3576 | D:5      | Gained mutation: Your muscles are strong. (Str +4, Int/Dex
                  | -1) [potion of mutation]
  3576 | D:5      | Lost mutation: Your muscles are strong. (Str +4, Int/Dex
                  | -1) [potion of mutation]
  3576 | D:5      | Gained mutation: You expend magic power (3 MP) to
                  | strengthen your wands. [potion of mutation]
  3577 | D:5      | Lost mutation: You passively dampen the noise of your
                  | surroundings. [potion of mutation]
  3577 | D:5      | Lost mutation: You expend magic power (3 MP) to strengthen
                  | your wands. [potion of mutation]
  3577 | D:5      | Gained mutation: You are robust. (+10% HP) [potion of
                  | mutation]
  4007 | D:5      | Found a sparkling altar of Nemelex Xobeh.
  4234 | D:6      | Found a staircase to the Ecumenical Temple.
  4301 | D:6      | Reached skill level 9 in Fighting
  5089 | D:7      | Reached skill level 10 in Fighting
  5089 | D:7      | Reached XP level 9. HP: 85/93 MP: 8/8
  5673 | D:8      | Found a broken altar of Ashenzari.
  5826 | D:8      | Found Jotuvil's Antique Armour Boutique.
  5841 | D:8      | Bought a pair of runed gloves for 210 gold pieces
  5841 | D:8      | Bought a pair of boots for 126 gold pieces
  6088 | D:9      | Reached skill level 11 in Fighting
  6102 | D:9      | Reached skill level 5 in Dodging
  6246 | D:9      | Reached XP level 10. HP: 74/106 MP: 9/9
  6260 | D:9      | Reached skill level 12 in Fighting
  6622 | D:9      | Found a flagged portal.
  6670 | Bailey   | Entered a bailey
  6963 | Bailey   | Noticed an orc knight
  6974 | Bailey   | Killed an orc knight
  6975 | Bailey   | Reached skill level 13 in Fighting
  7399 | D:8      | Bought a shiny plate armour for 728 gold pieces
  7739 | D:10     | Entered Level 10 of the Dungeon
  7768 | D:10     | Noticed a two-headed ogre
  7780 | D:10     | Killed a two-headed ogre
  7781 | D:10     | Reached skill level 10 in Armour
  7781 | D:10     | Reached skill level 10 in Shields
  8071 | D:10     | Reached skill level 10 in Maces & Flails
  8071 | D:10     | Reached XP level 11. HP: 88/118 MP: 10/10
  8289 | D:10     | Found a glowing golden altar of the Shining One.
  8373 | D:10     | Found the +2 ratskin cloak {*Rats rPois rN+ Str-1 Int-1
                  | Dex+1}
  8573 | D:10     | Found a burning altar of Makhleb.
  8685 | D:10     | Reached skill level 14 in Fighting
  8900 | D:11     | Noticed a death yak
  8901 | D:11     | Found a staircase to the Lair.
  8951 | D:11     | Killed a death yak
  9192 | D:11     | Found a staircase to the Orcish Mines.
  9248 | D:11     | Lost mutation: You are robust. (+10% HP) [potion of
                  | mutation]
  9248 | D:11     | Gained mutation: Your mind is acute. (Int +4, Str/Dex -1)
                  | [potion of mutation]
  9248 | D:11     | Gained mutation: You have a pair of large horns on your
                  | head. [potion of mutation]
  9248 | D:11     | Gained mutation: Your flesh is heat resistant. (rF+)
                  | [potion of mutation]
  9347 | D:11     | Noticed a two-headed ogre
  9364 | D:11     | Killed a two-headed ogre
  9652 | D:11     | Found Huig's Distillery.
  9659 | D:11     | Bought a potion of mutation for 120 gold pieces
  9659 | D:11     | Bought a potion of curing for 45 gold pieces
  9659 | D:11     | Bought a potion of curing for 45 gold pieces
  9659 | D:11     | Bought 2 potions of mutation for 240 gold pieces
  9659 | D:11     | Lost mutation: Your mind is acute. (Int +4, Str/Dex -1)
                  | [potion of mutation]
  9659 | D:11     | Lost mutation: Your flesh is heat resistant. (rF+) [potion
                  | of mutation]
  9659 | D:11     | Lost mutation: You have a pair of large horns on your head.
                  | [potion of mutation]
  9659 | D:11     | Gained mutation: You have a pair of large horns on your
                  | head. [potion of mutation]
  9659 | D:11     | Gained mutation: You occasionally lose the ability to drink
                  | potions when taking damage. [potion of mutation]
  9660 | D:11     | Lost mutation: You have a pair of large horns on your head.
                  | [potion of mutation]
  9660 | D:11     | Lost mutation: You occasionally lose the ability to drink
                  | potions when taking damage. [potion of mutation]
  9660 | D:11     | Gained mutation: You are clumsy. (Dex -2) [potion of
                  | mutation]
  9660 | D:11     | Gained mutation: You expend magic power (3 MP) to
                  | strengthen your wands. [potion of mutation]
  9660 | D:11     | Gained mutation: Your flesh is heat resistant. (rF+)
                  | [potion of mutation]
  9661 | D:11     | Lost mutation: You expend magic power (3 MP) to strengthen
                  | your wands. [potion of mutation]
  9661 | D:11     | Lost mutation: You are clumsy. (Dex -2) [potion of
                  | mutation]
  9661 | D:11     | Lost mutation: Your flesh is heat resistant. (rF+) [potion
                  | of mutation]
  9661 | D:11     | Gained mutation: Your muscles are strong. (Str +4, Int/Dex
                  | -1) [potion of mutation]
  9662 | D:11     | Lost mutation: Your muscles are strong. (Str +4, Int/Dex
                  | -1) [potion of mutation]
  9662 | D:11     | Gained mutation: You have a pair of large horns on your
                  | head. [potion of mutation]
  9662 | D:11     | Gained mutation: You are dopey. (Int -2) [potion of
                  | mutation]
  9663 | D:11     | Lost mutation: You have a pair of large horns on your head.
                  | [potion of mutation]
  9663 | D:11     | Lost mutation: You are dopey. (Int -2) [potion of mutation]
  9663 | D:11     | Gained mutation: Your spells are a little easier to cast,
                  | but a little less powerful. [potion of mutation]
  9663 | D:11     | Gained mutation: You have a somewhat thin skeletal
                  | structure. (Dex +2, Stealth+) [potion of mutation]
  9664 | D:11     | Lost mutation: Your spells are a little easier to cast, but
                  | a little less powerful. [potion of mutation]
  9664 | D:11     | Lost mutation: You have a somewhat thin skeletal structure.
                  | (Dex +2, Stealth+) [potion of mutation]
  9664 | D:11     | Gained mutation: You are weak. (Str -2) [potion of
                  | mutation]
  9664 | D:11     | Gained mutation: You occasionally shout uncontrollably at
                  | your foes. [potion of mutation]
  9664 | D:11     | Gained mutation: You possess an exceptional clarity of
                  | mind. [potion of mutation]
  9665 | D:11     | Lost mutation: You possess an exceptional clarity of mind.
                  | [potion of mutation]
  9665 | D:11     | Lost mutation: You occasionally shout uncontrollably at
                  | your foes. [potion of mutation]
  9665 | D:11     | Gained mutation: You occasionally lose the ability to drink
                  | potions when taking damage. [potion of mutation]
  9665 | D:11     | Gained mutation: You occasionally lose the ability to read
                  | scrolls when taking damage. [potion of mutation]
  9666 | D:11     | Lost mutation: You occasionally lose the ability to drink
                  | potions when taking damage. [potion of mutation]
  9666 | D:11     | Lost mutation: You occasionally lose the ability to read
                  | scrolls when taking damage. [potion of mutation]
  9666 | D:11     | Lost mutation: You are weak. (Str -2) [potion of mutation]
  9788 | D:12     | Noticed Erolcha
  9790 | Abyss:1  | Cast into level 1 of the Abyss (Erolcha)
  9795 | Abyss:1  | Found a bloodstained altar of Trog.
  9884 | Abyss:1  | Noticed a lich
  9889 | Abyss:1  | Reached skill level 15 in Fighting
  9892 | Abyss:1  | Noticed a thrashing horror
  9903 | Abyss:1  | Killed from afar by a lich

Illustrated notes

Levels and vault maps discovered:
D:1:      zaba_arrival_water, layout_loops_ring, grunt_decor_clamped,
          chequers_serial_rivers_small_3, minmay_misc_feat_tiny,
          kennysheep_flooded_box
D:2:      layout_basic, corexii_hall_statues_t, uniq_jessica
D:3:      minmay_chambers_of_threes, layout_basic, kennysheep_generic_room_5,
          uniq_robin
D:4:      layout_basic, grunt_temple_overflow_diamond, lemuel_crystal_altar,
          nicolae_vehumet_altar_sigil
D:5:      layout_basic, mainiacjoe_overflow_alcove_2, gammafunk_ghost_mausoleum,
          chequers_serial_rivers_room_b, eino_tiny_chamber
D:6:      layout_basic, minmay_temple_entry_drinking_statues
D:7:      layout_rooms
D:8:      layout_basic, lemuel_tele_altar, serial_shops, shop
D:9:      layout_roguey, enter_bailey_5
D:10:     layout_loops_ring, lemuel_round_altar, nicolae_tso_carved_into_rock
D:11:     layout_basic, david_lair_generic, orc_0_dummy, serial_shops,
          nicolae_stop_n_shop_2, skrybe_limestone_x
D:12:     layout_roguey, minivault_11, uniq_rupert, uniq_urug, uniq_erolcha
Abyss:1:  base:
Temple

Skill      XL: |  1  2  3  4  5  6  7  8  9 10 11 |
---------------+----------------------------------+-----
Fighting       | 4 5 6 8 10 11 13 15 | 15.0
Shields        | 4 5 6 7 8 10 11 | 11.1
Maces & Flails | 3 4 5 7 8 10 | 10.9
Armour         | 4 5 6 7 8 10 11 | 11.1
Dodging        | 1 2 3 4 5 6 7 |  7.1

Action                     |  1- 3 |  4- 6 |  7- 9 | 10-12 || total
---------------------------+-------+-------+-------+-------++-------
  Melee: Flail             |    63 |    53 |       |       ||   116
         Headbutt          |     8 |    18 |    60 |   104 ||   190
         Whip              |       |    88 |   233 |   410 ||   731
  Throw: Dart              |       |       |       |     4 ||     4
    Use: Scroll            |       |       |    15 |     1 ||    16
         Potion            |       |       |     5 |    11 ||    16
   Stab: Distracted        |       |       |     1 |       ||     1
 Armour: Scale mail        |    18 |       |       |       ||    18
         Plate armour      |    46 |   141 |   140 |   300 ||   627
  Dodge: Dodged            |    26 |    52 |    57 |   116 ||   251
  Block: Buckler           |    23 |    35 |    40 |    98 ||   196

Table legend: (Time is in decaauts)
 A = Elapsed time spent in this place.
 B = Non-inter-level travel time spent in this place.
 C = Inter-level travel time spent in this place.
 D = Time resting spent in this place.
 E = Time spent auto-exploring this place.
 F = Levels seen in this place.
 G = Mean time per level.
                   A        B        C        D        E       F      G
               +--------+--------+--------+--------+--------+-----+--------+
         Total |   9740 |   9600 |    140 |    164 |   7276 |  14 |  695.7 |
       Dungeon |   9110 |   8970 |    140 |    164 |   6879 |  12 |  759.2 |
         Abyss |    105 |    105 |      0 |      0 |     26 |   1 |  105.0 |
        Bailey |    524 |    524 |      0 |      0 |    371 |   1 |  524.0 |
               +--------+--------+--------+--------+--------+-----+--------+

Top non-repeatable levels by time:
    D:10: 1097 daAuts
     D:2: 1024 daAuts
     D:9: 1024 daAuts
     D:3: 886 daAuts
    D:11: 869 daAuts
     D:6: 862 daAuts
     D:4: 791 daAuts
     D:5: 720 daAuts
     D:1: 708 daAuts
     D:8: 670 daAuts
  Bailey: 524 daAuts
     D:7: 449 daAuts
 Abyss:1: 105 daAuts
    D:12: 6 daAuts
